 Dungeon Crawl Stone Soup version 0.30.1-11-g7821555f0a (webtiles) character file.

Game seed: 16964117593950994353

131 Ivernyr the Shield-Bearer (level 5, -6/42 HPs)
             Began as a Formicid Fighter on Dec 6, 2023.
             Mangled by a yak (15 damage)
             ... on level 4 of the Dungeon.
             The game lasted 00:05:12 (2198 turns).

Ivernyr the Shield-Bearer (Formicid Fighter)        Turns: 2198, Time: 00:05:13

Health: -6/42      AC:  6    Str: 23    XL:     5   Next: 37%
Magic:  5/5        EV: 15    Int:  7    God:
Gold:   159        SH:  5    Dex: 13    Spells: 4/4 levels left

rFire   + . .        a - +0 quarterstaff
rCold   . . .        c - +0 buckler
rNeg    . . .        b - +3 leather armour {rF+}
rPois   .            (helmet unavailable)
rElec   .            (no cloak)
rCorr   .            (no gloves)
SInv    +            (no boots)
Will    .....        (no amulet)
Stlth   +            m - +5 ring of evasion
HPRegen 0.27/turn    (no ring)
MPRegen 0.09/turn

%: no passive effects
@: mighty
A: permanent stasis, dig shafts and tunnels, antennae 3, four strong arms
a: Dig, Shaft Self


You were on level 4 of the Dungeon.
You visited 1 branch of the dungeon, and saw 4 of its levels.

You collected 159 gold pieces.

Inventory:

Hand Weapons
 a - a +0 quarterstaff (weapon)
Armour
 b - a +3 leather armour of fire resistance (worn)
 c - a +0 buckler (worn)
Jewellery
 l - a ring of flight
 m - a +5 ring of evasion (left hand)
 o - a ring of wizardry
 q - a ring of magical power
Wands
 r - a wand of paralysis (8)
Scrolls
 e - a scroll of identify {unknown}
 g - a scroll of magic mapping {unknown}
 h - 2 scrolls of enchant weapon {unknown}
 j - a scroll of amnesia {unknown}
 k - 2 scrolls of teleportation {unknown}
 n - a scroll of noise {unknown}
 p - a scroll of immolation {unknown}
 s - 3 scrolls of fog {unknown}
 t - a scroll of poison {unknown}
Potions
 f - 6 potions of curing {unknown}
 i - 5 potions of attraction {unknown}
 u - 2 potions of ambrosia {unknown}


   Skills:
 + Level 4.0 Fighting
 * Level 3.5 Staves
 + Level 4.1 Armour
 + Level 4.8 Shields


You had 4 spell levels left.
You didn't know any spells.
Your spell library contained the following spells:

 Spells                   Type           Power      Damage    Failure   Level
 Necrotise                Necr           0%         1d4       54%         1
 Slow                     Hex            0%         N/A       54%         1
 Confusing Touch          Hex            0%         N/A       88%         3
 Vampiric Draining        Necr           0%         2d6       88%         3
 Agony                    Necr           0%         N/A       100%        5


Dungeon Overview and Level Annotations

Branches:
Dungeon (4/15)
 Temple: D:4-7

Altars:
Yredelemnul


Innate Abilities, Weirdness & Mutations

You cannot be hasted, slowed, berserked, paralysed or teleported.
You can dig through walls and to a lower floor.
You have a pair of large antennae on your head. (SInv)
Your four strong arms can wield two-handed weapons with a shield.


Message History

You sense a monster nearby. 2 yaks come into view.
The yak bellows! x2
The yak gores you!
A yak comes into view.
The yak bellows!
You feel very mighty all of a sudden. The yak gores you but does no damage.
You thump the yak!
The yak is moderately wounded.
You block the yak's attack.
You hit the yak.
The yak is moderately wounded.
The yak gores you but does no damage.
You hit the yak.
The yak is moderately wounded.
The yak barely misses you.
You thump the yak!
The yak is severely wounded.
The yak gores you but does no damage.
You barely miss the yak.
The yak is severely wounded.
The yak gores you!
You barely miss the yak.
The yak is severely wounded.
The yak gores you but does no damage.
You barely miss the yak. You block the yak's attack.
You hit the yak.
The yak is lightly wounded.
The yak gores you!
* * * LOW HITPOINT WARNING * * *
You thump the yak!
The yak is moderately wounded.
The yak gores you.
* * * LOW HITPOINT WARNING * * *
Are you sure you want to shaft yourself?
You block the yak's attack.
You begin to dig a shaft.
You continue digging a shaft.
The yak gores you!
You die...

....# ....# ....# # ....#
#####.#
....##############.Y.Y.#
...............>##Y#...Y.#
.....##########.##.#.###.#
.....# #.##Y#.# # .....#
#.@YY#.# ###.## ######.#
###.# #.# ....# #.# ....#
....# ...## ...# ...#


You could see 3 yaks.

Vanquished Creatures
  Ijyb (D:3)
  3 adders
  3 worms
  5 dart slugs
  An orc (D:3)
  3 ball pythons
  9 endoplasms
  A giant cockroach (D:3)
  4 goblins
  6 hobgoblins
  3 jackals (D:2)
  5 kobolds
  3 quokkas (D:2)
  4 bats
  2 frilled lizards
  4 rats
57 creatures vanquished.

Notes
Turn   | Place    | Note
-------+----------+-------------------------------------------
     0 | D:1      | Ivernyr the Formicid Fighter began the quest for the Orb.
     0 | D:1      | Reached XP level 1. HP: 18/18 MP: 1/1
   147 | D:1      | Reached XP level 2. HP: 24/24 MP: 2/2
   377 | D:1      | Reached XP level 3. HP: 29/29 MP: 3/3
   801 | D:2      | Reached XP level 4. HP: 32/37 MP: 4/4
  1473 | D:3      | Noticed Ijyb
  1487 | D:3      | Killed Ijyb
  1488 | D:3      | Reached XP level 5. HP: 38/42 MP: 5/5
  1593 | D:3      | Found a faded altar of an unknown god.
  1716 | D:3      | Found a basalt altar of Yredelemnul.
  2179 | D:4      | Noticed a yak
  2179 | D:4      | Noticed a yak
  2180 | D:4      | Noticed a yak
  2198 | D:4      | Mangled by a yak

Illustrated notes

Levels and vault maps discovered:
D:1:      scummos_arrival_hexagon, layout_basic
D:2:      layout_loops_ring
D:3:      layout_loops_ring, lemuel_round_altar, ebering_ecumenical_altar_box,
          kennysheep_doodads, uniq_ijyb
D:4:      layout_basic, nicolae_overflow_hidden_temple, pf_just_have_faith

Skill      XL: |  1  2  3  4  5 |
---------------+----------------+-----
Staves         | 3 |  3.5
Armour         | 4 |  4.1
Fighting       | 4 |  4.0
Shields        | |  4.8

Action                     |  1- 3 |  4- 6 || total
---------------------------+-------+-------++-------
  Melee: Quarterstaff      |    73 |   113 ||   186
Ability: Shaft Self        |       |     1 ||     1
    Use: Potion            |       |     1 ||     1
 Armour: Scale mail        |    29 |    18 ||    47
         Leather armour    |       |     9 ||     9
  Dodge: Dodged            |    42 |    49 ||    91
  Block: Buckler           |    16 |    23 ||    39
